 Dungeon Crawl Stone Soup version 0.29-a0-420-g57f2fb0 (webtiles) character file.

Game seed: 13906803699365384166

28361 Think the Blocker (level 13, 0/96 HPs)
             Began as an Octopode Fighter on May 18, 2022.
             Was a High Priest of Elyvilon.
             Slain by a five-headed hydra (6 damage)
             ... on level 4 of the Lair of Beasts.
             The game lasted 01:17:37 (19746 turns).

Think the Blocker (Octopode Fighter)               Turns: 19746, Time: 01:17:38

Health: 0/96       AC: 12    Str: 21    XL:     13   Next: 38%
Magic:  15/15      EV: 22    Int: 26    God:    Elyvilon [*****.]
Gold:   611        SH:  8    Dex: 13    Spells: 9/12 levels left

rFire   + + .      SeeInvis +   T - +6 falchion of Huhicum {flame, rElec Str+4}
rCold   + + .      Faith    .   b - +1 buckler
rNeg    + + .      Spirit   .   M - -2 hat "Carig" {rF+}
rPois   +          Reflect  .   (no amulet)
rElec   +          Harm     .   P - +6 ring of intelligence
rCorr   .          Rampage  .   g - ring of willpower
Will    ++...                   v - +4 ring of evasion
Stlth   ++........              E - +6 ring of intelligence
HPRegen 0.26/turn               G - +4 ring of protection
MPRegen 0.14/turn               H - ring "Suwkef" {rPois rC+ rN+ Will+ AC+3}
                                I - +4 ring of protection
                                s - ring "Assuc" {rF+ rC+ rN+ SInv}

@: about to teleport, hasted, studying Shields, very quick
A: almost no armour, amphibious, 8 rings, camouflage 1, gelatinous body 1,
(nimble swimmer 1), tentacles, iridescent scales 1, agile 1, sense surroundings
1, wild magic 1
a: Renounce Religion, Purification, Heal Other, Heal Self, Divine Vigour


You were on level 4 of the Lair of Beasts.
You worshipped Elyvilon.
Elyvilon was extremely pleased with you.
You visited 2 branches of the dungeon, and saw 16 of its levels.
You also visited: Gauntlet and Volcano.

You collected 1101 gold pieces.
You spent 490 gold pieces at shops.

Inventory:

Hand Weapons
 i - a +2 dagger of protection
 j - a +0 dagger of protection
 k - a +1 spectral dagger
 w - a +1 dagger of venom
 K - a +0 rapier of holy wrath
 N - a +0 demon blade of flaming
 T - the +6 falchion of Huhicum (weapon) {flame, rElec Str+4}
   (You found it on level 2 of the Lair of Beasts)

   It burns those it strikes, dealing additional fire damage.
   Big, fiery blades are also staple armaments of hydra-hunters.
   Str:       It affects your strength (+4).
   rElec:     It insulates you from electricity.
Armour
 b - a +1 buckler (worn)
 M - the -2 hat "Carig" (worn) {rF+}
   (You found it in a Gauntlet)

   rF:        It protects you from fire.
Jewellery
 a - a ring of see invisible
 g - a ring of willpower (right tentacle)
 l - a ring of flight
 s - the ring "Assuc" (on tentacle) {rF+ rC+ rN+ SInv}
   (You found it in a Gauntlet)

   [ring of see invisible]

   rF:        It protects you from fire.
   rC:        It protects you from cold.
   rN:        It protects you from negative energy.
   SInv:      It lets you see invisible.
 u - a ring of ice
 v - a +4 ring of evasion (on tentacle)
 E - a +6 ring of intelligence (on tentacle)
 G - a +4 ring of protection (on tentacle)
 H - the ring "Suwkef" (on tentacle) {rPois rC+ rN+ Will+ AC+3}
   (You bought it in a shop on level 3 of the Dungeon)

   [ring of protection]

   AC:        It affects your AC (+3).
   rC:        It protects you from cold.
   rPois:     It protects you from poison.
   rN:        It protects you from negative energy.
   Will:      It increases your willpower.
 I - a +4 ring of protection (on tentacle)
 L - a ring of protection from cold
 P - a +6 ring of intelligence (left tentacle)
Wands
 f - a wand of iceblast (35)
 m - a wand of paralysis (6)
 y - a wand of polymorph (19)
 A - a wand of acid (11)
 S - a wand of flame (22)
Scrolls
 c - 7 scrolls of vulnerability
 d - a scroll of amnesia
 e - 8 scrolls of teleportation
 o - a scroll of fog
 p - 2 scrolls of magic mapping
 D - 2 scrolls of immolation
 Q - 2 scrolls of identify
 R - a scroll of summoning
 W - a scroll of blinking {unknown}
Potions
 h - 2 potions of degeneration
 n - a potion of brilliance
 q - 2 potions of cancellation
 r - 3 potions of haste
 t - a potion of invisibility {unknown}
 z - a potion of magic
 B - 4 potions of curing
 C - a potion of lignification {unknown}
 J - 2 potions of ambrosia
 O - a potion of berserk rage
 U - a potion of attraction {unknown}
 V - a potion of heal wounds
Miscellaneous
 F - a phantom mirror


   Skills:
 + Level 11.6 Fighting
 - Level 10.0(10.1) Short Blades
 * Level 2.8(6.9) Long Blades
 + Level 11.6 Dodging
 * Level 13.0 Shields
 - Level 4.0 Hexes
 - Level 3.0 Invocations


You had 9 spell levels left.
You knew the following spells:

 Your Spells              Type           Power      Damage    Failure   Level
a - Ensorcelled Hibernat  Hex/Ice        26%        N/A       14%         2
b - Freeze                Ice            0%         1d3       21%         1

Your spell library contained the following spells:

 Spells                   Type           Power      Damage    Failure   Level
 Slow                     Hex            100%       N/A       4%          1
 Confusing Touch          Hex            27%        N/A       13%         3
 Summon Small Mammal      Summ           0%         N/A       21%         1
 Portal Projectile        Hex/Tloc       26%        N/A       26%         3
 Summon Guardian Golem    Hex/Summ       13%        N/A       26%         3
 Scorch                   Fire           0%         2d5       30%         2
 Static Discharge         Conj/Air       0%         N/A       30%         2
 Call Canine Familiar     Summ           0%         N/A       50%         3
 Conjure Flame            Conj/Fire      0%         6-21      50%         3
 Frozen Ramparts          Ice            0%         1d2       50%         3
 Gell's Gravitas          Tloc           0%         N/A       50%         3
 Ignite Poison            Fire/Tmut/Pois 0%         N/A       50%         3
 Spider Form              Tmut/Pois      0%         N/A       50%         3
 Teleport Other           Tloc           0%         N/A       50%         3
 Vampiric Draining        Necr           0%         2d6       50%         3
 Anguish                  Hex/Necr       6%         N/A       63%         4
 Leda's Liquefaction      Hex/Erth       6%         N/A       63%         4
 Airstrike                Air            0%         N/A       87%         4
 Dispel Undead            Necr           0%         3d6       87%         4
 Flame Wave               Conj/Fire      0%         2d4       87%         4
 Hailstorm                Conj/Ice       0%         3d3       87%         4
 Sticky Flame             Conj/Fire      0%         2d3       87%         4
 Summon Lightning Spire   Summ/Air       0%         N/A       87%         4
 Lightning Bolt           Conj/Air       0%         1d11      99%         5
 Dispersal                Tloc           0%         N/A       100%        6
 Summon Cactus Giant      Summ           0%         N/A       100%        6


Dungeon Overview and Level Annotations

Branches:
Dungeon (12/15)            Temple (0/1) D:6            Lair (4/6) D:11
 Spider (0/4) Lair:2          Orc (0/2) D:11        Volcano (visited)
Gauntlet (visited)
  Swamp: Lair:2-4    Shoals: Lair:2-4

Altars:
Ashenzari
Cheibriados
Elyvilon
Fedhas
Hepliaklqana
Kikubaaqudgha
Nemelex Xobeh
Qazlal
Ru
Sif Muna
Uskayaw
Wu Jian
Zin
The Shining One

Shops:
D:3 (=   D:7 *   D:9 (

Portals:
Abyss: D:6

Annotations:
D:3 Ijyb
D:5 1 runed translucent door, Caerwyn's ghost, novice KoBe
D:6 2 transporters, Tenebris's ghost, amateur DESu
D:10 1 runed translucent door, Ozzieoiler's ghost, novice DsIE
Lair:3 Amaemon


Innate Abilities, Weirdness & Mutations

You cannot wear most types of armour.
You are amphibious.
You can wear up to eight rings at the same time.
Your skin changes colour to match your surroundings (Stealth+).
Your rubbery body absorbs attacks. (AC +1, EV +1)
((You are camouflaged when in or above water. (Stealth+)))
You have tentacles for arms and can constrict up to eight enemies at once.
You are partially covered in iridescent scales. (AC +2)
You are agile. (Dex +2)
You passively map a small area around you.
Your spells are a little harder to cast, but a little more powerful.


Message History

The scorpion disappears in a puff of smoke!
The elephant tramples you but does no damage.
The elephant trunk-slaps you but does no damage.
The elephant completely misses you. You block the elephant's attack.
The elephant completely misses you. x2
You climb downwards.
The elephant trumpets!
Found 26 gold pieces.
There is a stone staircase leading up here.
As you read the scroll of teleportation, it crumbles to dust.
You feel strangely unstable.
The elephant trumpets!
The water moccasin hisses angrily.
The elephant trumpets!
The elephant completely misses you. The elephant misses you.
The elephant tramples you.
You hold your ground!
The elephant barely misses you. The elephant completely misses you.
The elephant barely misses you.
You block the five-headed hydra's attack.
The five-headed hydra bites you.
* * * LOW HITPOINT WARNING * * *
The five-headed hydra misses you.
You block the five-headed hydra's attack. x2
You feel yourself speed up. You block the elephant's attack.
The elephant trunk-slaps you but does no damage.
The elephant tramples you!
* * * LOW HITPOINT WARNING * * *
You hold your ground!
The elephant trunk-slaps you but does no damage.
The elephant tramples you!
* * * LOW HITPOINT WARNING * * *
You hold your ground!
The elephant completely misses you. The five-headed hydra bites you!
Elyvilon protects you from harm! The five-headed hydra bites you.
* * * LOW HITPOINT WARNING * * *
The five-headed hydra bites you! Elyvilon protects you from harm!
The five-headed hydra bites you but does no damage.
The five-headed hydra bites you.
You die...

, , ,
...............
,
........Y......
,.....$Y.......
, .......P....#
* ......PPY...
, ..........#*
, * ........Y.#
, #@Y.# ,,
......YD..P#
...........# ,
, ...........#
, *
...S......P# ,
...........# ,,
..........#.
..........##. ,


You could see a five-headed hydra, 6 elephants and a water moccasin.

Vanquished Creatures
  A fire dragon (Volcano)
  A boulder beetle (D:11)
  2 hydras (Lair:2)
  A ghost crab (Gauntlet)
  A hell beast (Gauntlet)
  Erica (D:9)
  2 two-headed ogres (D:11)
  An ugly thing (D:11)
  A manticore (D:8)
  3 salamanders (Volcano)
  3 black mambas
  3 elephants (Lair:3)
  2 cane toads
  3 unseen horrors
  11 komodo dragons
  2 rime drakes
  3 trolls
  3 polar bears
  4 blink frogs
  A shadow (D:11)
  A vampire (D:7)
  2 basilisks
  7 fire bats (Volcano)
  6 wyverns
  25 yaks
  3 steam dragons (Volcano)
  A wraith (D:10)
  An acid dragon (D:10)
  4 water moccasins
  4 hell hounds
  3 sky beasts
  3 orc warriors
  2 black bears (Lair:1)
  9 wolves
  2 ogres (Volcano)
  5 centaurs
  2 phantoms
  A kobold brigand (D:10)
  5 necrophages
  6 bullfrogs
  2 scorpions
  13 killer bees
  3 howler monkeys
  2 hounds (D:6)
  2 jellies
  2 orc priests
  A gnoll shaman (D:7)
  Jessica (D:2)
  4 iguanas
  6 orc wizards
  3 gnolls (D:7)
  6 adders
  2 shadow imps
  3 white imps
  An ufetubus (D:7)
  5 worms
  2 dart slugs
  37 orcs
  5 ball pythons
  2 endoplasms
  5 giant cockroaches
  13 goblins
  9 hobgoblins
  8 jackals
  3 quokkas
  2 bats
  4 frilled lizards
  15 kobolds
  10 rats
312 creatures vanquished.

Vanquished Creatures (collateral kills)
  A minotaur (Gauntlet)
1 creature vanquished.

Vanquished Creatures (others)
  A wyvern (Volcano)
  4 fungi
  80 plants
85 creatures vanquished.

Grand Total: 398 creatures vanquished

Notes
Turn   | Place    | Note
-------+----------+-------------------------------------------
     0 | D:1      | Think the Octopode Fighter began the quest for the Orb.
     0 | D:1      | Reached XP level 1. HP: 16/16 MP: 1/1
   228 | D:1      | Reached XP level 2. HP: 21/21 MP: 2/2
   381 | D:1      | Found a faded altar of an unknown god.
   437 | D:1      | Prayed at the altar of an unknown god.
   437 | D:1      | Became a worshipper of Elyvilon the Healer
   437 | D:1      | Reached * piety under Elyvilon
  1016 | D:2      | Reached XP level 3. HP: 23/26 MP: 3/3
  1146 | D:2      | Noticed Jessica
  1153 | D:2      | Killed Jessica
  1154 | D:2      | Reached XP level 4. HP: 30/31 MP: 4/4
  1201 | D:2      | Reached ** piety under Elyvilon
  1775 | D:3      | Found Zadopn's One-of-a-Kind Rings.
  1891 | D:3      | Found Veguth's Weapon Shop.
  2203 | D:3      | Reached skill level 5 in Short Blades
  2203 | D:3      | Reached XP level 5. HP: 36/36 MP: 5/5
  2303 | D:3      | Reached *** piety under Elyvilon
  2336 | D:3      | Noticed Ijyb
  2801 | D:4      | Found a glowing golden altar of the Shining One.
  2975 | D:4      | Reached XP level 6. HP: 40/42 MP: 6/6
  3256 | D:4      | Learned a level 2 spell: Ensorcelled Hibernation
  3292 | D:4      | Reached skill level 1 in Hexes
  3317 | D:4      | Reached **** piety under Elyvilon
  3576 | D:5      | Entered Level 5 of the Dungeon
  3693 | D:5      | Reached XP level 7. HP: 32/46 MP: 7/7
  3826 | D:5      | Noticed a troll
  4176 | D:5      | Found a runed translucent door.
  4193 | D:5      | Found a glowing silver altar of Zin.
  4415 | D:6      | Found a staircase to the Ecumenical Temple.
  4422 | D:6      | Found a transporter.
  4428 | D:6      | Reached ***** piety under Elyvilon
  4677 | D:6      | Gained mutation: You sometimes lose the ability to read
                  | scrolls when taking damage. [potion of mutation]
  4678 | D:6      | Lost mutation: You sometimes lose the ability to read
                  | scrolls when taking damage. [potion of mutation]
  4678 | D:6      | Gained mutation: You are partially covered in iridescent
                  | scales. (AC +2) [potion of mutation]
  4678 | D:6      | Gained mutation: You passively map a small area around you.
                  | [potion of mutation]
  4678 | D:6      | Gained mutation: Your spells are a little harder to cast,
                  | but a little more powerful. [potion of mutation]
  4678 | D:6      | Gained mutation: You are agile. (Dex +2) [potion of
                  | mutation]
  4821 | D:6      | Reached XP level 8. HP: 26/52 MP: 8/8
  5763 | D:6      | Found a transporter.
  5771 | D:6      | Found a one-way gate to the infinite horrors of the Abyss.
  5771 | D:6      | Noticed Tenebris's ghost (amateur DESu)
  5782 | D:6      | Noticed a worldbinder
  6118 | D:7      | Found Sarhadghuy's Wicked Wares.
  6208 | D:7      | Found a blossoming altar of Fedhas.
  6212 | D:7      | Noticed a vampire
  6279 | D:7      | Reached skill level 10 in Short Blades
  6541 | D:7      | Found a hazy altar of Hepliaklqana.
  6541 | D:7      | Found a sparkling altar of Nemelex Xobeh.
  6541 | D:7      | Found a sacrificial altar of Ru.
  6542 | D:7      | Found a hide-covered altar of Uskayaw.
  6561 | D:7      | Killed a vampire
  6875 | D:7      | Reached skill level 4 in Shields
  6875 | D:7      | Reached XP level 9. HP: 52/58 MP: 9/9
  7110 | D:7      | Found an ornate altar of the Wu Jian Council.
  7567 | D:8      | Found an ancient bone altar of Kikubaaqudgha.
  7632 | D:8      | Noticed a manticore
  7652 | D:8      | Killed a manticore
  7653 | D:8      | Reached skill level 5 in Shields
  7664 | D:8      | Reached skill level 5 in Fighting
  7664 | D:8      | Reached skill level 5 in Dodging
  8243 | D:8      | Found a broken altar of Ashenzari.
  8565 | D:8      | Found a snail-covered altar of Cheibriados.
  8648 | D:9      | Found Ebithriu's Weapon Boutique.
  8831 | D:9      | Found a stormy altar of Qazlal.
  8908 | D:9      | Noticed a troll
  8947 | D:9      | HP: 1/61 [troll (10)]
  9278 | D:9      | Upgraded the game from 0.29-a0-419-g77450f2 to
                  | 0.29-a0-420-g57f2fb0
  9323 | D:9      | Noticed an unseen horror
  9334 | D:9      | Killed an unseen horror
  9335 | D:9      | Reached skill level 1 in Invocations
  9335 | D:9      | Reached XP level 10. HP: 67/68 MP: 10/10
  9468 | D:9      | Noticed Erica
  9486 | D:9      | Killed Erica
  9487 | D:9      | Reached skill level 6 in Shields
  9942 | D:10     | Entered Level 10 of the Dungeon
  9942 | D:10     | Found a shimmering blue altar of Sif Muna.
  9986 | D:10     | Noticed an unseen horror
 10049 | D:10     | Killed an unseen horror
 10255 | D:3      | Bought the ring "Suwkef" {rPois rC+ rN+ Will+ AC+3} for 490
                  | gold pieces
 10574 | D:5      | Noticed Caerwyn's ghost (novice KoBe)
 10830 | D:10     | Reached skill level 7 in Shields
 11186 | D:10     | Reached XP level 11. HP: 28/75 MP: 13/13
 11625 | D:10     | Found a runed translucent door.
 11625 | D:10     | Noticed a deep elf pyromancer
 11625 | D:10     | Noticed Ozzieoiler's ghost (novice DsIE)
 11885 | D:11     | Reached ****** piety under Elyvilon
 11886 | D:11     | Noticed a two-headed ogre
 11983 | D:11     | Noticed a boulder beetle
 12000 | D:11     | Reached skill level 8 in Shields
 12050 | D:11     | Killed a boulder beetle
 12073 | D:11     | Noticed a brown ugly thing
 12092 | D:11     | Killed a brown ugly thing
 12308 | D:11     | Found a gate leading to a gauntlet.
 12317 | Gauntlet | Entered a Gauntlet
 12317 | Gauntlet | Found a transporter.
 12317 | Gauntlet | Found a runed translucent gate.
 12317 | Gauntlet | Found a transporter.
 12317 | Gauntlet | Found a runed translucent gate.
 12318 | Gauntlet | Noticed a moth of wrath
 12323 | Gauntlet | Found a transporter.
 12323 | Gauntlet | Noticed a fire crab
 12323 | Gauntlet | a troll changed into a fire crab
 12325 | Gauntlet | Found a transporter.
 12328 | Gauntlet | Found a transporter.
 12329 | Gauntlet | Found a transporter.
 12335 | Gauntlet | a fire crab changed into a meliai
 12346 | Gauntlet | Found a runed translucent door.
 12366 | Gauntlet | Found a transporter.
 12366 | Gauntlet | Noticed a hell beast
 12369 | Gauntlet | Found a transporter.
 12369 | Gauntlet | Found a transporter.
 12372 | Gauntlet | Noticed a wolf spider
 12373 | Gauntlet | Found a runed translucent door.
 12377 | Gauntlet | Noticed an entropy weaver
 12395 | Gauntlet | Found a transporter.
 12411 | Gauntlet | Found a transporter.
 12412 | Gauntlet | Found a runed translucent door.
 12440 | Gauntlet | Noticed a ghost crab
 12441 | Gauntlet | Found a transporter.
 12448 | Gauntlet | Found a transporter.
 12493 | Gauntlet | Found a transporter.
 12493 | Gauntlet | Noticed a steelbarb worm
 12495 | Gauntlet | Found a runed translucent gate.
 12503 | Gauntlet | a steelbarb worm changed into an eye of devastation
 12537 | Gauntlet | Noticed a two-headed ogre
 12545 | Gauntlet | Noticed an anaconda
 12545 | Gauntlet | a two-headed ogre changed into an anaconda
 12562 | Gauntlet | Noticed a great orb of eyes
 12562 | Gauntlet | a tyrant leech changed into a great orb of eyes
 12566 | Gauntlet | Noticed a shining eye
 12566 | Gauntlet | an anaconda changed into a shining eye
 12573 | Gauntlet | Noticed a five-headed hydra
 12579 | Gauntlet | Noticed a two-headed ogre
 12579 | Gauntlet | a shining eye changed into a two-headed ogre
 12584 | Gauntlet | Noticed an entropy weaver
 12584 | Gauntlet | a five-headed hydra changed into an entropy weaver
 12592 | Gauntlet | Noticed a sea snake
 12599 | Gauntlet | Noticed a manticore
 12599 | Gauntlet | a sea snake changed into a manticore
 12605 | Gauntlet | a two-headed ogre changed into a swamp worm
 12605 | Gauntlet | Noticed a satyr
 12605 | Gauntlet | an entropy weaver changed into a satyr
 12611 | Gauntlet | Noticed a wolf spider
 12611 | Gauntlet | a satyr changed into a wolf spider
 12614 | Gauntlet | Noticed a glowing orange brain
 12614 | Gauntlet | a manticore changed into a glowing orange brain
 12626 | Gauntlet | Noticed a goliath frog
 12626 | Gauntlet | a wolf spider changed into a goliath frog
 12653 | Gauntlet | Noticed an alligator
 12653 | Gauntlet | a goliath frog changed into an alligator
 12664 | Gauntlet | Noticed an anaconda
 12664 | Gauntlet | a glowing orange brain changed into an anaconda
 12709 | Gauntlet | an anaconda changed into a swamp worm
 12712 | Gauntlet | Noticed a ghost moth
 12786 | Gauntlet | Killed a hell beast
 13000 | Gauntlet | Identified the ring "Assuc" {rF+ rC+ rN+ SInv}
 13074 | Gauntlet | Killed a ghost crab
 13082 | Gauntlet | Identified the -2 hat "Carig" {rF+}
 13121 | Gauntlet | Noticed a minotaur
 13136 | Gauntlet | Killed a minotaur
 13273 | D:11     | Found a staircase to the Orcish Mines.
 13292 | D:11     | Noticed a two-headed ogre
 13311 | D:11     | Killed a two-headed ogre
 13312 | D:11     | Reached skill level 9 in Shields
 13706 | D:11     | Killed a two-headed ogre
 13810 | D:11     | Found a staircase to the Lair.
 13980 | Lair:1   | Entered Level 1 of the Lair of Beasts
 14111 | Lair:1   | Reached XP level 12. HP: 48/86 MP: 14/14
 14662 | Lair:1   | Found a dark tunnel.
 14689 | Volcano  | Entered a volcano
 14709 | Volcano  | Reached skill level 10 in Shields
 14791 | Volcano  | Reached skill level 10 in Fighting
 14791 | Volcano  | Reached skill level 10 in Dodging
 14990 | Volcano  | Learned a level 1 spell: Freeze
 15220 | Volcano  | Identified the +2 pair of boots of Gueptyra {rElec rC++
                  | Will-}
 15855 | Volcano  | Identified a scroll of acquirement
 15855 | Volcano  | Acquired a manual of Shields
 16185 | Volcano  | Noticed a fire dragon
 16202 | Volcano  | Killed a fire dragon
 16203 | Volcano  | Reached skill level 11 in Shields
 17415 | Lair:2   | Found a hole to the Spider Nest.
 17455 | Lair:2   | Reached XP level 13. HP: 95/95 MP: 15/15
 17594 | Lair:2   | Identified the +6 falchion of Huhicum {flame, rElec Str+4}
 17628 | Lair:2   | Reached skill level 12 in Shields
 18260 | Lair:3   | Reached skill level 1 in Long Blades
 19078 | Lair:3   | Identified the +6 battleaxe of the Chain {vorpal, rPois}
 19515 | Lair:2   | Reached skill level 13 in Shields
 19723 | Lair:3   | Noticed Amaemon
 19746 | Lair:4   | Elyvilon protects you from harm!
 19746 | Lair:4   | Elyvilon protects you from harm!
 19746 | Lair:4   | Slain by a five-headed hydra

Illustrated notes

Levels and vault maps discovered:
D:1:      eino_arrival_cavern_c, layout_loops_corners, basic_ecumenical_altar,
          dreamdust_wishing_well
D:2:      layout_rooms, lexackson_kobold_supper, uniq_jessica
D:3:      layout_loops_ring, serial_shops, nicolae_shop_stone,
          minmay_crystal_water, nicolae_shop_unique_rings,
          minmay_misc_feat_diagonals, uniq_ijyb
D:4:      layout_cave_pools, nicolae_overflow_crystal_walls, minmay_between
D:5:      nicolae_cairo_tiling_very_big, layout_rooms, lemuel_doored_altar,
          ebering_ghost_reflecting_pool
D:6:      layout_layer_cave, temple_statues, gammafunk_ghost_abyssal_escape
D:7:      layout_loops_ring, nzn_wu_jian_council_hall,
          overflow_temple_1_default, grunt_temple_overflow_open,
          nicolae_evil_shop
D:8:      layout_loops_ring, cheibrodos_worm_habitat, amcnicky_altar_gilded,
          mainiacjoe_overflow_chevrons, minmay_fractal_squares_diagonal_5
D:9:      layout_basic, nicolae_qazlal_scattered_showers, serial_shops,
          nicolae_shop_bloodbath_and_beyond, minivault_5, corner_web_ring,
          uniq_erica
D:10:     lemuel_ice_spiral_2, layout_rooms, lemuel_crystal_altar,
          ebering_ghost_inner_flame, serial_rivers,
          chequers_serial_rivers_large_a, chequers_serial_rivers_small_3,
          chequers_serial_rivers_small_3, chequers_serial_rivers_large_b
D:11:     layout_irregular_city, lair_entry_dummy, orc_0_dummy,
          gauntlet_entry_generic
D:12:     layout_grid_maze, uniq_rupert
Lair:1:   layout_roguey, enter_volcano_3, beast_lair_carwin_10
Lair:2:   layout_roguey, spider_nest_entry_web_field, minivault_26
Lair:3:   nzn_winding_woodlands_three_and_one
          [nzn_winding_woodlands_5x15_sidewinder,
          nzn_winding_woodlands_5x15_twine,
          nzn_winding_woodlands_5x15_concentric,
          nzn_winding_woodlands_center_diamonds], layout_big_grid, uniq_amaemon
Lair:4:   layout_gridlike, skrybe_swamp_entry_bodies

Skill      XL: |  1  2  3  4  5  6  7  8  9 10 11 12 13 |
---------------+----------------------------------------+-----
Short Blades   | 3 4 5 6 7 9 10 | 10.0
Hexes          | 1 2 3 4 |  4.0
Fighting       | 4 5 7 9 11 | 11.6
Dodging        | 4 5 7 9 11 | 11.6
Shields        | 4 5 7 9 11 13 | 13.0
Invocations    | 1 3 |  3.0
Long Blades    | 2 |  2.8

Action                   |  1- 3 |  4- 6 |  7- 9 | 10-12 | 13-15 || total
-------------------------+-------+-------+-------+-------+-------++-------
Melee: Rapier            |    21 |       |       |       |       ||    21
       Constrict         |    18 |    49 |    46 |    71 |     5 ||   189
       Tentacles         |     9 |    43 |   111 |   390 |    98 ||   651
       Dagger            |    41 |   189 |   339 |  1131 |   223 ||  1923
       Punch             |     1 |     3 |     6 |    31 |    10 ||    51
       Falchion          |       |       |       |       |    96 ||    96
Throw: Throwing net      |       |       |       |       |     1 ||     1
 Cast: Ensorcelled Hiber |       |       |     4 |    12 |     7 ||    23
       Freeze            |       |       |       |     2 |       ||     2
Invok: Purification      |       |       |     1 |       |       ||     1
       Heal Self         |       |       |     4 |     9 |     1 ||    14
  Use: Scroll            |     3 |     3 |     5 |     8 |     1 ||    20
       Potion            |       |     2 |     6 |    10 |     1 ||    19
 Stab: Sleeping          |     4 |     6 |     6 |     7 |     1 ||    24
       Distracted        |       |       |     1 |       |       ||     1
Armor: Skin              |    11 |    24 |    41 |   194 |    90 ||   360
Dodge: Dodged            |    24 |    97 |   194 |   672 |   256 ||  1243
Block: Buckler           |    15 |    30 |    55 |   243 |   127 ||   470

Table legend: (Time is in decaauts)
 A = Elapsed time spent in this place.
 B = Non-inter-level travel time spent in this place.
 C = Inter-level travel time spent in this place.
 D = Time resting spent in this place.
 E = Time spent auto-exploring this place.
 F = Levels seen in this place.
 G = Mean time per level.
                   A        B        C        D        E       F      G
               +--------+--------+--------+--------+--------+-----+--------+
         Total |  18841 |  17747 |   1094 |   4431 |   8799 |  18 | 1046.7 |
       Dungeon |  12760 |  11744 |   1016 |   2509 |   6766 |  12 | 1063.3 |
          Lair |   3838 |   3760 |     78 |    946 |   1879 |   4 |  959.5 |
       Volcano |   1479 |   1479 |      0 |    782 |    154 |   1 | 1479.0 |
      Gauntlet |    762 |    762 |      0 |    192 |      0 |   1 |  762.0 |
               +--------+--------+--------+--------+--------+-----+--------+

Top non-repeatable levels by time:
     D:6: 1769 daAuts
     D:8: 1505 daAuts
 Volcano: 1479 daAuts
  Lair:1: 1388 daAuts
     D:9: 1369 daAuts
  Lair:3: 1366 daAuts
    D:11: 1237 daAuts
     D:7: 1176 daAuts
    D:10: 1100 daAuts
  Lair:2: 1081 daAuts
     D:3: 1026 daAuts
     D:1: 1001 daAuts
     D:5: 952 daAuts
     D:4: 880 daAuts
Gauntlet: 762 daAuts
